 Dungeon Crawl Stone Soup version 0.17-a0-802-g1f09329 (webtiles) character file.

313718 RobertPalmer the Sniper (level 22, 4/137 HPs)
             Began as a Kobold Hunter on Apr 26, 2015.
             Was the Champion of Okawaru.
             Quit the game on level 1 of the Abyss on Apr 27, 2015.
             The game lasted 04:00:15 (63728 turns).

RobertPalmer the Sniper (Kobold Hunter)            Turns: 63728, Time: 04:00:15

Health: 4/137      AC: 25    Str:  9    XL:     22   Next: 28%
Magic:  41/41      EV: 33    Int: 17    God:    Okawaru [******]
Gold:   2365       SH:  0    Dex: 26    Spells: 2 memorised, 15 levels left

rFire  . . .     SeeInvis .     a - +7 quick blade (drain)
rCold  . . .     Clarity  .     C - +2 ring mail of Trog's Indignation {Contam +Blink Str+2 Dex+5}
rNeg   . . .     SustAb   .     (shield restricted)
rPois  +         Gourm    .     g - +1 helmet
rElec  .         Spirit   .     L - +1 cloak {rPois}
rCorr  .         Warding  .     D - +2 pair of gloves
rMut   .         Stasis   .     Q - +0 pair of boots {Stlth+}
MR     +....                    T - amulet "Ugasoh" {Faith MP+9 Str-5 Int+8}
Stlth  ++........               N - +4 ring of slaying
                                q - +4 ring of protection

@: confused, very slightly contaminated, hasted, very quick, somewhat resistant
to hostile enchantments, unstealthy
A: slimy green scales 1, carnivore 3, deterioration 1, dopey 2, screaming 1
a: Heroism, Finesse, Renounce Religion, Evoke Blink
}: 2/15 runes: serpentine, barnacled


You were on level 1 of the Abyss.
You worshipped Okawaru.
Okawaru was exalted by your worship.
You were not hungry.

You visited 7 branches of the dungeon, and saw 41 of its levels.
You visited the Abyss 1 time.
You also visited: Labyrinth and Ice Cave.

You collected 3811 gold pieces.
You spent 1430 gold pieces at shops.

Inventory:

Hand weapons
 a - a +7 quick blade of draining (weapon)
   (Okawaru gifted it to you on level 2 of the Elven Halls)
 b - the +9 triple crossbow of Ancient Evil {elec, rF+}
   (Okawaru gifted it to you on level 1 of the Elven Halls)

   It charges the ammunition it shoots with electricity; occasionally upon a
   hit, such missiles may discharge and cause terrible harm.
   It protects you from fire.
Missiles
 f - 4 throwing nets {=f, !d}
 G - 18 bolts of penetration
 K - 23 silver bolts
 W - 92 poisoned bolts
Armour
 g - a +1 helmet (worn)
   (You found it on level 1 of the Dungeon)
 C - the +2 ring mail of Trog's Indignation (worn) {Contam +Blink Str+2 Dex+5}
   (You found it on level 7 of the Dungeon)

   It affects your strength (+2).
   It affects your dexterity (+5).
   It lets you blink.
   It causes magical contamination when unequipped.
 D - a +2 pair of gloves (worn)
   (You found it on level 8 of the Dungeon)
 L - a +1 cloak of poison resistance (worn)
   (Okawaru gifted it to you on level 2 of the Snake Pit)
 Q - a +0 pair of boots of stealth (worn)
   (Okawaru gifted it to you on level 4 of the Lair of Beasts)
Rods
 c - a +9 rod of clouds (17/17) {!a}
   (You found it in a labyrinth)
 s - a +5 rod of shadows (11/11)
   (You found it in a labyrinth)
 w - a +7 rod of the swarm (12/12) {!a}
   (You took it off a minotaur in a labyrinth)
Jewellery
 q - a +4 ring of protection (left hand)
   (You found it on level 2 of the Dungeon)
 t - an uncursed ring of wizardry {Wiz+, !d}
   (You found it on level 7 of the Lair of Beasts)
 z - an uncursed ring of protection from magic {MR+, !d}
   (You found it on level 1 of the Shoals)
 N - a +4 ring of slaying (right hand)
   (You bought it in a shop on level 2 of the Orcish Mines)
 T - the amulet "Ugasoh" (around neck) {Faith MP+9 Str-5 Int+8}
   (You found it on level 3 of the Lair of Beasts)

   [amulet of faith]

   It allows you to gain divine favour quickly.
   It affects your strength (-5).
   It affects your intelligence (+8).
   It affects your magic capacity (+9).
Magical devices
 p - a wand of digging (19)
   (You found it on level 2 of the Dungeon)
 S - a wand of teleportation (0)
   (You found it on level 2 of the Lair of Beasts)
 U - a wand of hasting (0)
   (You took it off a naga on level 4 of the Snake Pit)
Scrolls
 d - 4 scrolls of amnesia
 i - 16 scrolls of remove curse
 x - 6 scrolls of fog
 y - 2 scrolls of magic mapping {!r}
 A - a scroll of immolation {!r}
 B - a scroll of summoning
 H - 3 scrolls of silence
 I - 2 scrolls of blinking {!r}
 M - 7 scrolls of enchant armour
 R - a scroll of identify
 V - a scroll of holy word {!r}
Potions
 e - a potion of agility
 j - a potion of haste
 k - 4 potions of brilliance
 l - 6 potions of might
 m - 5 potions of restore abilities
 n - 4 potions of cure mutation {!q}
 v - a potion of magic
 F - 2 potions of curing
 P - 3 potions of mutation {!q}
Books
 r - a Necronomicon {highlevel, unknown}
   (You found it on level 8 of the Lair of Beasts)
 Y - Nogiuc's Compendium of Bewitchment and Evil
   (You found it in a labyrinth)

   Spells                             Type                      Level
   a - Confusing Touch                Hexes                        2
   b - Tukima's Dance                 Hexes                        3
   c - Animate Dead                   Necromancy                   4
   d - Cigotuvi's Embrace             Necromancy                   5
   e - Mass Confusion                 Hexes                        6
Miscellaneous
 o - a fan of gales
   (You found it on level 1 of the Elven Halls)
 E - a stone of tremors
   (You found it on level 5 of the Snake Pit)
 Z - a plain deck of summoning {drawn: 2}
   (You found it on level 5 of the Shoals)
Comestibles
 u - 16 meat rations {@e2}
 J - 4 beef jerkies


   Skills:
 - Level 14.3 Fighting
 - Level 12.6 Short Blades
 + Level 23.4 Crossbows
 - Level 11.3 Armour
 - Level 20.3 Dodging
 - Level 1.3 Stealth
 - Level 14.2 Evocations


You had 15 spell levels left.
You knew the following spells:

 Your Spells              Type           Power        Failure   Level  Hunger
b - Blink                 Tloc           N/A          78%         2    ###....
A - Animate Dead          Necr           N/A          100%        4    #####..


Dungeon Overview and Level Annotations

Branches:
Dungeon (15/15)            Temple (1/1) D:4            Lair (8/8) D:10
 Shoals (5/5) Lair:5        Snake (5/5) Lair:4        Slime (0/6) Lair:8
    Orc (4/4) D:10            Elf (3/3) Orc:4        Vaults (0/5) D:14
 Depths (0/5) D:15

Altars:
Ashenzari
Cheibriados
Elyvilon
Fedhas
Gozag
Makhleb
Nemelex Xobeh
Okawaru
Qazlal
Sif Muna
Trog
Vehumet
Xom
Yredelemnul
Zin
The Shining One
Beogh
Jiyva

Shops:
D:4 [   D:7 *}=[[   D:12 =   Orc:2 =   Orc:4 [(*[   Snake:4 [

Annotations:
D:3 ImmaFairy's ghost, average FoFi
Lair:8 1 runed door
Orc:3 Nessos
Elf:2 3 runed doors


Innate Abilities, Weirdness & Mutations

You are small and have problems with some larger weapons.
You are carnivorous and can eat meat at any time.
You are partially covered in slimy green scales (AC +2).
[Your body is slowly deteriorating.]
[You are very dopey. (Int -4)]
[You occasionally shout uncontrollably at your foes.]


Message History

The Executioner completely misses you.
The Executioner hits you but does no damage.
You take 14 damage, and have 46/137 hp.
The Executioner hits you.
The Executioner hits you but does no damage. x2
The Executioner completely misses you. x2
The Executioner hits you but does no damage.
You shout at the large abomination!
A large abomination comes into view.
You shout at the large abomination!
You take 3 damage, and have 43/137 hp.
The Executioner barely misses you. The Executioner completely misses you.
The Executioner hits you but does no damage.
The Executioner completely misses you. The Executioner barely misses you.
The Executioner hits you!
* * * LOW HITPOINT WARNING * * *
You take 8 damage, and have 35/137 hp.
Unknown command.
The Executioner gestures at you. Pain shoots through your body!
* * * LOW HITPOINT WARNING * * *
The Executioner hits you!
* * * LOW HITPOINT WARNING * * *
The Executioner closely misses you. x2
The Executioner hits you but does no damage. x2
The Executioner completely misses you. x2
The Executioner hits you but does no damage.
The Executioner completely misses you.
You take 20 damage, and have 15/137 hp.
Unknown command.
Wield which item (- for none, * to show all)? (? for menu, Esc to quit)
Okay, then.
You feel yourself speed up.
You are very lightly contaminated with residual magic.
Evoking this partially-identified wand wasted a few charges.
Your skill with magical items lets you calculate the power of this device...
This wand has 0 charges left.
The Executioner misses you. The Executioner hits you.
* * * LOW HITPOINT WARNING * * *
The Executioner hits you but does no damage. x2
The Executioner completely misses you.
The Executioner hits you but does no damage.
The Executioner closely misses you. The Executioner completely misses you.
The Executioner hits you but does no damage.
You take 4 damage, and have 11/137 hp.
Unknown command.
Unknown command.
Unknown command.
Drink which item? (? for menu, Esc to quit)
Really quaff
h - a potion of ambrosia {!q}?
You are confused.
You feel invigorated. The Executioner misses you.
The Executioner completely misses you. The Executioner misses you.
The Executioner closely misses you. The Executioner misses you.
The Executioner completely misses you.
Unknown command.
Unknown command.
Unknown command.
You're too confused to move!
The Executioner closely misses you. The Executioner misses you.
The Executioner hits you.
* * * LOW HITPOINT WARNING * * *
The Executioner closely misses you. The Executioner completely misses you.
The Executioner hits you but does no damage.
You take 4 damage, and have 8/137 hp.
You bump into the rock wall.
The Executioner hits you but does no damage. x2
The Executioner completely misses you. The Executioner barely misses you.
The Executioner completely misses you. x2
You regained 4 hp, and now have 12/137 hp.
You're too confused to move!
The Executioner completely misses you. The Executioner closely misses you.
The Executioner closely misses you. The Executioner completely misses you.
The Executioner misses you.
The Executioner hits you but does no damage.
You regained 2 hp, and now have 14/137 hp.
You hit the Executioner.
The Executioner hits you but does no damage.
The Executioner barely misses you. The Executioner closely misses you.
You hit the Executioner.
You bump into the stone wall.
The Executioner misses you.
The Executioner hits you but does no damage.
The Executioner hits you!
* * * LOW HITPOINT WARNING * * *
The Executioner barely misses you. The Executioner completely misses you.
The Executioner hits you but does no damage.
You take 3 damage, and have 13/137 hp.
Unknown command.
You bump into the rock wall.
The Executioner completely misses you. The Executioner barely misses you.
The Executioner completely misses you. The Executioner completely misses you.
The Executioner closely misses you. The Executioner closely misses you.
You regained 2 hp, and now have 15/137 hp.
Unknown command.
The Executioner hits you!
* * * LOW HITPOINT WARNING * * *
The Executioner hits you but does no damage.
The Executioner barely misses you.
You take 11 damage, and have 4/137 hp.
Quiver which item? (- for none, * to show all) (? for menu, Esc to quit)
Okay, then.

#. #. #..
.. ## .#
.#. # #.#.#
##@.# #1#.#
# #####.###
#..#.....##
.... .....#
..........#
. .......#
..X......##
.........#


You could see an Executioner.

Vanquished Creatures
  An Ice Fiend (IceCv)
  A deep elf blademaster (Elf:3)
  A kraken (Shoals:5)
  Gastronok (Lair:2)
  Agnes (Snake:1)
  11 greater nagas
  Donald (Orc:3)
  Maud (Orc:3)
  5 deep elf sorcerers
  Aizul (Shoals:3)
  An orc warlord (Orc:4)
  A draconian annihilator (Abyss:1)
  4 large abominations
  3 deep elf demonologists
  6 deep elf annihilators
  A deep elf death mage (Elf:3)
  Snorg (Lair:5)
  2 vault guards (D:14)
  A minotaur (Lab)
  8 merfolk javelineers
  Josephine (Lair:8)
  8 merfolk impalers
  A yaktaur captain (D:15)
  Fannar (D:12)
  24 naga warriors
  6 centaur warriors
  3 merfolk avatars
  16 anacondas
  2 catoblepae
  2 alligator snapping turtles
  2 dancing weapons (Elf:2)
  11 hydras
  2 tengu warriors
  An ogre mage (Orc:4)
  5 death yaks
  3 merfolk aquamancers
  5 small abominations
  A satyr (Shoals:3)
  A starcursed mass (Abyss:1)
  A hell hog (Abyss:1)
  2 shock serpents
  5 orc high priests
  13 naga sharpshooters
  Urug (D:12)
  A sun demon (Elf:1)
  12 deep elf knights
  A shadow wraith (Elf:2)
  A wretched star (Abyss:1)
  A fire crab (Lair:8)
  2 skeletal warriors (D:15)
  6 ice devils (IceCv)
  8 naga ritualists
  2 unseen horrors
  A salamander mystic (Snake:5)
  2 shadow demons (Elf:1)
  9 sea snakes
  4 deep elf summoners
  3 ice statues (IceCv)
  An orc knight (Orc:4)
  Pikel (D:4)
  10 hill giants
  7 deep elf conjurers
  A wizard (Lair:8)
  3 harpies
  9 mana vipers
  5 orc sorcerers
  9 salamanders
  A salamander (shapeshifter) (D:12)
  12 griffons
  A wolf spider (Shoals:3)
  8 cyclopes
  4 water nymphs
  9 ugly things
  4 manticores
  11 elephants
  19 naga magi
  A black mamba (shapeshifter) (D:14)
  A molten gargoyle (Lair:6)
  A moth of wrath (shapeshifter) (D:12)
  6 drowned souls
  39 black mambas
  8 sirens
  A centaur zombie (D:10)
  An apocalypse crab (Abyss:1)
  16 guardian serpents
  A torpor snail (Lair:2)
  2 kobold demonologists (Elf:1)
  A yaktaur (shapeshifter) (D:15)
  An anaconda simulacrum (IceCv)
  4 fire drakes
  4 yaktaurs (D:15)
  9 komodo dragons
  A hellwing (Abyss:1)
  9 spiny frogs
  6 trolls
  2 tengu conjurers
  A jumping spider (Elf:1)
  5 deep elf priests
  A two-headed ogre (shapeshifter) (D:14)
  22 merfolk
  5 blue devils
  3 polar bears
  4 ravens
  A boulder beetle (D:12)
  16 blink frogs
  8 snapping turtles
  2 wind drakes (Shoals:1)
  8 slime creatures
  13 deep elf fighters
  2 redbacks (Elf:1)
  Sigmund (D:3)
  23 deep elf magi
  A centaur simulacrum (D:11)
  A trapdoor spider (D:15)
  9 water elementals
  5 raiju (Abyss:1)
  6 wyverns
  A hill giant zombie (D:10)
  A vampire (Shoals:5)
  2 shadows
  5 wraiths
  58 yaks
  A dire elephant simulacrum (IceCv)
  2 harpy simulacra (IceCv)
  4 basilisks
  A neqoxec (Abyss:1)
  A tarantella (Elf:1)
  2 hippogriffs (shapeshifter)
  5 vampire mosquitoes
  2 wargs
  14 hippogriffs
  A steam dragon (D:10)
  3 hungry ghosts
  27 wolves
  Edmund (D:5)
  72 nagas
  11 porcupines
  4 iron troll simulacra (IceCv)
  A hydra simulacrum (IceCv)
  39 water moccasins
  A soldier ant (D:15)
  Duvessa (D:4)
  32 orc warriors
  3 black bears
  2 wasps
  5 sky beasts
  A swamp drake (D:3)
  21 ogres
  4 slaves
  A necrophage (D:13)
  2 boggarts (Elf:1)
  17 ice beasts
  7 phantoms
  An ettin simulacrum (IceCv)
  12 centaurs
  18 crocodiles
  7 big kobolds
  17 giant frogs
  A boring beetle (Lair:7)
  3 brain worms
  A gnoll sergeant (D:10)
  Dowan (D:4)
  A troll zombie (D:10)
  A water moccasin skeleton (D:11)
  2 scorpions
  8 killer bees
  9 wights
  A goliath beetle (Shoals:5)
  6 crimson imps
  3 electric eels
  4 quasits
  4 gnoll shamans (D:7)
  A lava snake (Lair:6)
  28 orc priests
  10 centaur skeletons
  A giant frog skeleton (D:11)
  15 hounds
  14 iguanas
  5 jellies
  2 giant frog zombies
  An iron imp (D:7)
  21 worker ants
  37 orc wizards
  9 hell rats
  44 sheep
  3 ogre zombies (D:10)
  4 hound skeletons
  11 adders
  A worker ant zombie (D:3)
  16 gnolls
  62 river rats
  7 shadow imps
  12 white imps (Shoals:1)
  5 ufetubi (Abyss:1)
  An ooze (D:7)
  2 adder skeletons
  An adder zombie (D:10)
  6 worms
  3 giant geckos
  211 orcs
  5 ball pythons
  18 hobgoblins
  19 jackals
  20 bats
  8 giant cockroaches
  7 giant newts
  4 giant spores
  23 goblins
  A goblin skeleton (D:10)
  2 goblin zombies (D:10)
  3 hobgoblin skeletons (D:10)
  7 hobgoblin zombies
  31 kobolds
  A kobold skeleton (D:7)
  2 orc skeletons (D:10)
  14 orc zombies
  2 quokkas
  27 rats
  11 ballistomycetes
  2 bushes (Elf:2)
  2 butterflies
  A crawling corpse (Elf:2)
  5 fungi
  30 plants
  3 tentacles (Shoals:5)
1824 creatures vanquished.

Vanquished Creatures (collateral kills)
  Jorgrun (Snake:4)
  Ilsuiw (Shoals:5)
  A greater naga (Snake:5)
  The ghost of namelastname112 the Cruncher, a powerful DrGl of Vehumet (D:11)
  A merfolk javelineer (Shoals:5)
  2 vault guards (D:14)
  2 merfolk impalers
  2 naga warriors (Snake:5)
  An anaconda (Snake:5)
  A merfolk avatar (Shoals:5)
  A merfolk aquamancer (Shoals:5)
  A centaur warrior (D:12)
  A hell hog (Abyss:1)
  4 death yaks
  A deep elf knight (Elf:2)
  A naga sharpshooter (Snake:3)
  A skeletal warrior (D:15)
  A naga ritualist (Snake:5)
  A hill giant (D:11)
  2 griffons
  4 harpies
  A salamander (Snake:5)
  5 guardian serpents
  A molten gargoyle (Lair:6)
  4 naga magi (Snake:5)
  A spiny frog (Lair:6)
  A troll (D:12)
  A raiju (Abyss:1)
  5 merfolk
  2 blink frogs (Lair:6)
  A water elemental (Shoals:5)
  2 yaks (Lair:5)
  2 wolves (Lair:5)
  10 nagas
  A boggart (Shoals:5)
  2 centaurs (D:12)
  A boring beetle (Lair:8)
  4 lava snakes (Lair:6)
  A small abomination (Abyss:1)
  A jelly (D:12)
  5 sheep
  A worker ant (Shoals:4)
  A worm (Shoals:4)
  An orc (D:12)
85 creatures vanquished.

Vanquished Creatures (others)
  An ettin (Snake:5)
  A great orb of eyes (Snake:2)
  A fire crab (Shoals:5)
  An unseen horror (Snake:1)
  A hill giant (D:10)
  A flayed ghost (Shoals:5)
  An orc knight (Shoals:2)
  A harpy (Shoals:2)
  A wolf spider (Snake:4)
  4 cyclopes
  8 drowned souls
  3 yaktaurs (Abyss:1)
  A jumping spider (Snake:3)
  2 deep elf priests
  A boulder beetle (Shoals:5)
  A raiju (Abyss:1)
  2 redbacks (Snake:3)
  A hill giant zombie (D:10)
  7 vampire mosquitoes
  A basilisk (Snake:5)
  A wyvern (Lair:5)
  A wolf (Lair:4)
  A mottled dragon (Snake:5)
  4 wasps
  2 orc warriors
  3 spiders
  A boggart (Shoals:5)
  16 killer bees
  3 scorpions
  A goliath beetle (Snake:4)
  An orc wizard (Lair:6)
  3 sheep
  22 worker ants
  An ogre zombie (D:10)
  5 worms
  2 orcs
  A giant spore (D:14)
  A lurking horror (Abyss:1)
  An orc zombie (D:10)
  3 butterflies
  19 fungi
  10 plants
  13 starspawn tentacles (Abyss:1)
  270 starspawn tentacle segments (Abyss:1)
  4 tentacles (Shoals:5)
  107 tentacle segments (Shoals:5)
536 creatures vanquished.

Grand Total: 2445 creatures vanquished

Notes
Turn   | Place    | Note
--------------------------------------------------------------
     0 | D:1      | RobertPalmer, the Kobold Hunter, began the quest for the Orb.
     0 | D:1      | Reached XP level 1. HP: 12/12 MP: 1/1
    13 | D:1      | Reached skill level 2 in Short Blades
    13 | D:1      | Reached XP level 2. HP: 17/17 MP: 2/2
   340 | D:1      | Reached skill level 3 in Short Blades
   663 | D:1      | Reached XP level 3. HP: 19/21 MP: 3/3
  1161 | D:1      | Reached skill level 4 in Short Blades
  1270 | D:2      | Found an opulent altar of Gozag.
  1344 | D:2      | Reached XP level 4. HP: 26/26 MP: 4/4
  1496 | D:2      | Found a burning altar of Makhleb.
  1697 | D:2      | Found a shimmering altar of Xom.
  2052 | D:2      | Reached skill level 5 in Short Blades
  2291 | D:3      | Noticed Sigmund
  2305 | D:3      | Killed Sigmund
  2305 | D:3      | Reached skill level 7 in Short Blades
  2305 | D:3      | Reached XP level 5. HP: 17/30 MP: 5/5
  2305 | D:3      | Reached XP level 6. HP: 19/35 MP: 6/6
  2566 | D:3      | Reached skill level 8 in Short Blades
  2619 | D:3      | Noticed a swamp drake
  2619 | D:3      | an orc priest changed into a swamp drake
  2637 | D:3      | HP: 3/35 [swamp drake (12)]
  2655 | D:3      | Killed a swamp drake
  2655 | D:3      | Reached XP level 7. HP: 29/40 MP: 7/7
  2839 | D:3      | Noticed ImmaFairy's ghost (average FoFi)
  3243 | D:4      | Reached skill level 9 in Short Blades
  3626 | D:4      | Found Ciugyis's Armour Boutique.
  3700 | D:4      | Noticed Pikel
  3990 | D:4      | Noticed Duvessa
  4009 | D:4      | Killed Duvessa
  4009 | D:4      | Reached skill level 10 in Short Blades
  4010 | D:4      | Noticed Dowan
  4062 | D:4      | Killed Dowan
  4111 | D:4      | Reached XP level 8. HP: 38/44 MP: 8/8
  4299 | D:4      | Found a staircase to the Ecumenical Temple.
  4346 | Temple   | Entered the Ecumenical Temple
  4366 | Temple   | Became a worshipper of Warmaster Okawaru
  4466 | D:4      | Killed Pikel
  4466 | D:4      | Acquired Okawaru's first power
  4466 | D:4      | Reached skill level 12 in Short Blades
  4674 | D:4      | Reached skill level 5 in Crossbows
  4860 | D:5      | Entered Level 5 of the Dungeon
  4861 | D:5      | Found a sparkling altar of Nemelex Xobeh.
  4959 | D:5      | Reached XP level 9. HP: 48/48 MP: 9/9
  5059 | D:5      | Reached skill level 6 in Crossbows
  5098 | D:5      | Found a blossoming altar of Fedhas.
  5271 | D:5      | Gained mutation: You are resistant to electric shocks. [helix card]
  5335 | D:5      | Drew Focus: Dex increased to 17, Str decreased to 10
  5350 | D:5      | Reached skill level 7 in Crossbows
  5441 | D:5      | Noticed Edmund
  5465 | D:5      | Killed Edmund
  5571 | D:5      | Reached skill level 8 in Crossbows
  6484 | D:6      | Reached skill level 9 in Crossbows
  6866 | D:7      | Found a glowing golden altar of the Shining One.
  6998 | D:7      | Reached skill level 10 in Crossbows
  7143 | D:7      | Found Lusuco Duoza's Gadget Emporium.
  7460 | D:7      | Found Konebb's General Store.
  7466 | D:7      | Bought a +0 cloak for 45 gold pieces
  7466 | D:7      | Bought a scroll of identify for 20 gold pieces
  7527 | D:7      | Reached XP level 10. HP: 53/53 MP: 10/10
  7691 | D:7      | Reached skill level 11 in Crossbows
  7700 | D:7      | Found Sodaoski's Jewellery Emporium.
  7702 | D:7      | Got a brightly glowing ring mail
  7732 | D:7      | Identified the +2 ring mail of Trog's Indignation {Contam +Blink Str+2 Dex+5} (You found it on level 7 of the Dungeon)
  7842 | D:7      | Reached skill level 12 in Crossbows
  8204 | D:7      | Found Qichakea's Armour Shoppe.
  8279 | D:7      | Found Quefowankosch's Antique Armour Shoppe.
  8300 | D:7      | Bought a glowing cloak for 139 gold pieces
  8350 | D:7      | You fall through a shaft for 3 floors!
  8350 | D:10     | Entered Level 10 of the Dungeon
  8417 | D:10     | Noticed a hill giant
  9476 | D:8      | Reached skill level 13 in Crossbows
  9793 | D:8      | Found an opulent altar of Gozag.
  9797 | D:8      | Found a white marble altar of Elyvilon.
  9800 | D:8      | Found a shattered altar of Ashenzari.
  9952 | D:8      | Reached skill level 3 in Dodging
 10515 | D:7      | Received a gift from Okawaru
 10525 | D:7      | Reached skill level 4 in Dodging
 10810 | D:7      | Reached skill level 5 in Dodging
 10997 | D:7      | Reached skill level 6 in Dodging
 11399 | D:9      | Reached skill level 7 in Dodging
 11399 | D:9      | Reached XP level 11. HP: 57/57 MP: 11/11
 11601 | D:9      | Received a gift from Okawaru
 11607 | D:9      | Reached skill level 8 in Dodging
 11990 | D:10     | Found a staircase to the Lair.
 12044 | D:10     | Reached skill level 9 in Dodging
 12123 | D:10     | Received a gift from Okawaru
 12123 | D:10     | Reached skill level 10 in Dodging
 12272 | D:10     | Acquired Okawaru's second power
 12518 | D:10     | Reached skill level 11 in Dodging
 12698 | D:10     | Found a staircase to the Orcish Mines.
 12818 | D:10     | Received a gift from Okawaru
 12927 | D:10     | Killed a hill giant
 13250 | D:10     | Reached skill level 12 in Dodging
 13936 | Lair:1   | Entered Level 1 of the Lair of Beasts
 13938 | Lair:1   | Received a gift from Okawaru
 13939 | Lair:1   | Got a bloodstained arbalest {god gift}
 13960 | D:10     | Identified the +3 arbalest "Toitt" {elec, Contam +Inv MR+ Str-3} (Okawaru gifted it to you on level 1 of the Lair of Beasts)
 14332 | Lair:1   | Reached XP level 12. HP: 55/62 MP: 12/12
 14390 | Lair:1   | Reached skill level 13 in Dodging
 15585 | Lair:2   | Reached skill level 3 in Fighting
 15968 | Lair:2   | Reached skill level 4 in Fighting
 16149 | Lair:2   | Noticed Gastronok
 16187 | Lair:2   | Killed Gastronok
 16187 | Lair:2   | Reached skill level 6 in Fighting
 16311 | Lair:2   | Noticed a five-headed hydra
 16428 | Lair:2   | Reached skill level 7 in Fighting
 16931 | Lair:3   | Reached skill level 8 in Fighting
 16950 | Lair:3   | Got a sparkling zirconium amulet
 16978 | Lair:3   | Received a gift from Okawaru
 17001 | Lair:3   | Noticed a catoblepas
 17055 | Lair:3   | Killed a catoblepas
 17435 | Lair:2   | HP: 17/75 [torpor snail (13)]
 17448 | Lair:2   | Reached skill level 9 in Fighting
 17999 | Lair:3   | Reached XP level 13. HP: 76/81 MP: 13/13
 18147 | Lair:3   | Reached skill level 10 in Fighting
 18234 | Lair:3   | Killed a five-headed hydra
 19039 | Lair:3   | Reached skill level 11 in Fighting
 19477 | Lair:3   | Reached skill level 1 in Armour
 19744 | Orc:1    | Entered Level 1 of the Orcish Mines
 20289 | Orc:1    | Reached skill level 2 in Armour
 20520 | Orc:2    | Found a roughly hewn altar of Beogh.
 20587 | Orc:2    | Found Cuveuq's Jewellery Shoppe.
 20606 | Orc:2    | Identified the amulet "Ugasoh" {Faith MP+9 Str-5 Int+8} (You found it on level 3 of the Lair of Beasts)
 20702 | Orc:2    | Received a gift from Okawaru
 20854 | Orc:3    | Noticed Donald
 21036 | Orc:4    | Entered Level 4 of the Orcish Mines
 21118 | Orc:4    | Found a roughly hewn altar of Beogh.
 21321 | Orc:4    | Found a roughly hewn altar of Beogh.
 21437 | Orc:4    | Reached skill level 3 in Armour
 21780 | Orc:4    | Reached skill level 4 in Armour
 22208 | Orc:4    | Reached skill level 5 in Armour
 22247 | Orc:4    | Found a roughly hewn altar of Beogh.
 22277 | Orc:4    | Found Jiaxi's Antique Armour Shoppe.
 22449 | Orc:2    | Bought a +4 ring of slaying for 1170 gold pieces
 22989 | Orc:3    | Killed Donald
 22989 | Orc:3    | Received a gift from Okawaru
 22989 | Orc:3    | Reached skill level 6 in Armour
 23215 | Orc:3    | Noticed Maud
 23263 | Orc:3    | HP: 21/84 [Maud/demon trident (5)]
 23318 | Orc:2    | HP: 18/84 [orc warrior/hand axe[an orc high priest] (11)]
 23785 | Orc:3    | HP: 15/84 [orc priest/divine providence (15)]
 23845 | Orc:3    | Killed Maud
 23845 | Orc:3    | Received a gift from Okawaru
 23918 | Orc:3    | Noticed Nessos
 23918 | Orc:3    | Noticed an ettin
 23966 | Orc:3    | Reached skill level 7 in Armour
 24748 | Orc:4    | Found a roughly hewn altar of Beogh.
 24800 | Orc:4    | Found Efoss's General Store.
 24975 | Orc:4    | Reached XP level 14. HP: 62/90 MP: 14/14
 25004 | Orc:4    | Found a roughly hewn altar of Beogh.
 25005 | Orc:4    | Found Siovyan's Antique Armour Shoppe.
 25017 | Orc:4    | Found Joror's Antique Weapon Emporium.
 25032 | Orc:4    | Noticed an orc warlord
 25046 | Orc:4    | Killed an orc warlord
 25046 | Orc:4    | Reached skill level 8 in Armour
 25078 | Orc:4    | Bought a glowing dagger for 56 gold pieces
 25165 | Orc:4    | Found a staircase to the Elven Halls.
 25170 | Orc:4    | Found a roughly hewn altar of Beogh.
 25965 | Lair:4   | Found a staircase to the Snake Pit.
 26008 | Lair:5   | Noticed Snorg
 26109 | Lair:5   | Found a labyrinth entrance.
 26150 | Lab      | Entered a labyrinth
 26598 | Lab      | Received a gift from Okawaru
 26598 | Lab      | Reached skill level 14 in Crossbows
 26632 | Lab      | Identified Nogiuc's Compendium of Bewitchment and Evil
 26635 | Lab      | Identified a +3 rod of shadows (10/10) (You found it in a labyrinth)
 26641 | Lab      | Got a faintly humming leather armour
 26805 | Lair:5   | Received a gift from Okawaru
 27148 | Lair:4   | Received a gift from Okawaru
 27338 | Lair:4   | Reached skill level 15 in Crossbows
 27781 | Lair:4   | Identified a +4 rod of clouds (14/14) (You found it in a labyrinth)
 28578 | Lair:5   | Reached skill level 1 in Evocations
 28634 | Lair:5   | Identified a +7 rod of the swarm (12/12) {!a} (You took it off a minotaur in a labyrinth)
 28640 | Lair:5   | Reached skill level 2 in Evocations
 28650 | Lair:5   | Reached skill level 3 in Evocations
 28918 | Lair:5   | Reached skill level 4 in Evocations
 28987 | Lair:5   | Killed Snorg
 29223 | Lair:5   | Found a staircase to the Shoals.
 29251 | Lair:5   | Reached skill level 5 in Evocations
 29483 | Lair:6   | Received a gift from Okawaru
 29991 | Lair:6   | Reached skill level 6 in Evocations
 30019 | Lair:6   | Reached XP level 15. HP: 74/94 MP: 19/19
 30034 | Lair:6   | Reached skill level 7 in Evocations
 30065 | Lair:6   | Received a gift from Okawaru
 30333 | Lair:6   | Found a snail-covered altar of Cheibriados.
 30563 | Lair:6   | Reached skill level 8 in Evocations
 31641 | Lair:7   | Identified the cursed +1 leather armour of Ridizoz {MR+ rCorr Int+4 Dex+2} (You found it in a labyrinth)
 31727 | Lair:7   | Reached skill level 9 in Evocations
 31978 | Lair:7   | Received a gift from Okawaru
 32349 | Lair:7   | Received a gift from Okawaru
 32603 | Lair:8   | Entered Level 8 of the Lair of Beasts
 32674 | Lair:8   | Reached skill level 10 in Evocations
 32986 | Lair:8   | Reached skill level 11 in Evocations
 32988 | Lair:8   | Found a runed door.
 33496 | Lair:8   | Noticed Josephine
 33580 | Lair:8   | Killed Josephine
 33580 | Lair:8   | Reached skill level 12 in Evocations
 33821 | Lair:8   | Found a viscous altar of Jiyva.
 33823 | Lair:8   | Found a staircase to the Slime Pits.
 33823 | Lair:8   | Noticed an acid blob
 34010 | Lair:8   | Reached skill level 16 in Crossbows
 34354 | Lair:8   | Received a gift from Okawaru
 34584 | Lair:8   | Found a burning altar of Makhleb.
 35457 | D:11     | Noticed namelastname112's ghost (powerful DrGl)
 35476 | D:11     | Killed namelastname112's ghost
 35810 | D:12     | Found Solebed's Jewellery Emporium.
 35810 | D:12     | Noticed Fannar
 35947 | D:12     | Reached skill level 17 in Crossbows
 36026 | D:12     | Reached XP level 16. HP: 100/100 MP: 25/25
 36107 | D:12     | Got a polished chain mail
 36235 | D:12     | Noticed Urug
 36247 | D:12     | Killed Urug
 36710 | D:12     | Received a gift from Okawaru
 36714 | D:12     | Identified the cursed +0 chain mail of Freedom {rCorr MP+9} (You found it on level 12 of the Dungeon)
 36717 | D:12     | Got a smoking ring mail {god gift}
 36834 | D:12     | Killed Fannar
 37068 | D:13     | Reached skill level 18 in Crossbows
 38708 | D:14     | Reached skill level 19 in Crossbows
 38988 | D:14     | Found a gate to the Vaults.
 38996 | D:14     | Received a gift from Okawaru
 39374 | D:14     | Identified the +0 ring mail of the Wheelwright {rPois rN+ MR++ Dex-4} (Okawaru gifted it to you on level 12 of the Dungeon)
 39402 | D:14     | Received a gift from Okawaru
 39827 | D:15     | Entered Level 15 of the Dungeon
 39901 | D:15     | Received a gift from Okawaru
 40017 | D:15     | Reached skill level 20 in Crossbows
 40155 | D:15     | Received a gift from Okawaru
 40275 | D:15     | Reached XP level 17. HP: 55/104 MP: 26/26
 40919 | D:15     | Found a snail-covered altar of Cheibriados.
 40987 | D:15     | Found a staircase to the Depths.
 41963 | Snake:1  | Entered Level 1 of the Snake Pit
 42061 | Snake:1  | Found a shimmering altar of Xom.
 42321 | Snake:1  | Received a gift from Okawaru
 42552 | Snake:1  | Reached skill level 13 in Evocations
 42963 | Snake:2  | Received a gift from Okawaru
 43361 | Snake:2  | Noticed Agnes
 43451 | Snake:1  | HP: 26/104 [poisoned by a naga warrior (splash of poison)]
 43457 | Snake:1  | HP: 22/104 [poisoned by a naga warrior (splash of poison)]
 43462 | Snake:1  | HP: 19/104 [poisoned by a naga warrior (splash of poison)]
 43467 | Snake:1  | HP: 16/104 [poisoned by a naga warrior (splash of poison)]
 44236 | Snake:2  | Reached skill level 21 in Crossbows
 44743 | Snake:2  | HP: 23/104 [naga sharpshooter/arrow (12)]
 44749 | Snake:1  | HP: 20/104 [black mamba (1)]
 44782 | Snake:1  | HP: 17/104 [naga ritualist/lance of force (12)]
 45133 | Snake:1  | Killed Agnes
 45133 | Snake:1  | Reached skill level 14 in Evocations
 45539 | Snake:1  | Received a gift from Okawaru
 45672 | Snake:2  | Reached skill level 14 in Dodging
 45828 | Snake:2  | Received a gift from Okawaru
 45870 | Snake:2  | Got a bloodstained leather armour
 45871 | Snake:2  | Identified the +1 leather armour "Huebi" {MR+} (You found it on level 2 of the Snake Pit)
 46245 | Snake:3  | Received a gift from Okawaru
 46390 | Snake:3  | Received a gift from Okawaru
 46418 | Snake:3  | Reached skill level 15 in Dodging
 46486 | Snake:3  | Reached XP level 18. HP: 86/110 MP: 28/28
 46778 | Snake:3  | HP: 23/110 [greater naga/bolt of poison (9)]
 47389 | Snake:3  | Received a gift from Okawaru
 48294 | Snake:4  | Reached skill level 16 in Dodging
 48382 | Snake:4  | Identified a scroll of acquirement
 48602 | Snake:4  | Noticed Jorgrun
 48614 | Snake:4  | Killed Jorgrun
 48614 | Snake:4  | Received a gift from Okawaru
 48800 | Snake:4  | Found Hauwof Larei's Armour Emporium.
 49297 | Snake:5  | Entered Level 5 of the Snake Pit
 49417 | Snake:5  | Reached skill level 17 in Dodging
 49421 | Snake:5  | Received a gift from Okawaru
 50508 | Snake:5  | Reached skill level 18 in Dodging
 50780 | Snake:5  | Received a gift from Okawaru
 51135 | Snake:5  | HP: 27/110 [naga sharpshooter/bolt (26)]
 51724 | Snake:5  | Reached XP level 19. HP: 100/114 MP: 29/29
 51751 | Snake:5  | Reached skill level 19 in Dodging
 52247 | Snake:5  | HP: 14/114 [naga sharpshooter/bolt (18)]
 52252 | Snake:5  | HP: 12/114 [naga sharpshooter/bolt (7)]
 52519 | Snake:5  | Received a gift from Okawaru
 52544 | Snake:5  | Reached skill level 20 in Dodging
 52604 | Snake:5  | Received a gift from Okawaru
 52831 | Snake:5  | Got a serpentine rune of Zot
 53390 | Shoals:1 | Entered Level 1 of the Shoals
 53451 | Shoals:1 | Found a frozen archway.
 53480 | IceCv    | Entered an ice cave
 53528 | IceCv    | Reached skill level 12 in Fighting
 53554 | IceCv    | Received a gift from Okawaru
 54808 | IceCv    | Got a jacinth-encrusted scale mail
 54835 | IceCv    | Got a faintly humming robe
 54836 | IceCv    | Identified the cursed +1 robe of Patience {Int+4} (You found it in an ice cave)
 54845 | IceCv    | Reached skill level 13 in Fighting
 54845 | IceCv    | Reached XP level 20. HP: 123/126 MP: 30/30
 55169 | Shoals:2 | Reached skill level 14 in Fighting
 55330 | Shoals:2 | Received a gift from Okawaru
 55470 | Shoals:2 | Learned a level 2 spell: Blink
 55475 | Shoals:2 | Learned a level 4 spell: Animate Dead
 55658 | Shoals:3 | Received a gift from Okawaru
 55674 | Shoals:3 | HP: 31/127 [drowned by a drowned soul[a merfolk avatar] (9)]
 56155 | Shoals:4 | Reached skill level 9 in Armour
 56239 | Shoals:4 | Reached XP level 21. HP: 116/132 MP: 31/31
 56456 | Shoals:5 | Entered Level 5 of the Shoals
 56597 | Shoals:5 | HP: 20/132 [merfolk aquamancer/great wave of water (47)]
 56603 | Shoals:5 | HP: 13/132 [water nymph/the raging water (17)]
 56609 | Shoals:5 | HP: 22/132 [sea snake (1)]
 56704 | Shoals:5 | Noticed Ilsuiw
 56725 | Shoals:5 | HP: 28/132 [drowned by a drowned soul[a merfolk avatar] (11)]
 56781 | Shoals:5 | HP: 22/132 [water nymph/the raging water (21)]
 56792 | Shoals:5 | Lost mutation: You are resistant to electric shocks. [helix card]
 56793 | Shoals:5 | Gained mutation: You are partially covered in slimy green scales (AC +2). [helix card]
 56800 | Shoals:5 | HP: 32/132 [merfolk/trident (11)]
 56805 | Shoals:5 | HP: 24/132 [merfolk/trident (9)]
 57166 | Shoals:4 | Received a gift from Okawaru
 57264 | Shoals:4 | Reached skill level 10 in Armour
 57553 | Shoals:5 | Received a gift from Okawaru
 57854 | Shoals:5 | Received a gift from Okawaru
 57857 | Shoals:5 | Got a translucent quick blade {god gift}
 57858 | Shoals:5 | Identified the +6 quick blade "Juitrufa" {flame, rF- MR+ Int+3} (Okawaru gifted it to you on level 5 of the Shoals)
 57996 | Shoals:5 | Killed Ilsuiw
 58356 | Shoals:5 | Reached skill level 11 in Armour
 59091 | Shoals:5 | Got a barnacled rune of Zot
 59121 | Shoals:5 | Received a gift from Okawaru
 59204 | Shoals:3 | Noticed Aizul
 59218 | Shoals:3 | Killed Aizul
 59703 | Elf:1    | Entered Level 1 of the Elven Halls
 60404 | Elf:1    | Found a deep blue altar of Sif Muna.
 60540 | Elf:1    | Received a gift from Okawaru
 60605 | Elf:1    | Got an ancient triple crossbow {god gift}
 60606 | Elf:1    | Identified the +9 triple crossbow of Ancient Evil {elec, rF+} (Okawaru gifted it to you on level 1 of the Elven Halls)
 60777 | Elf:1    | Reached skill level 22 in Crossbows
 61577 | Elf:2    | Received a gift from Okawaru
 61797 | Elf:2    | Found a runed gate.
 61797 | Elf:2    | Found a runed gate.
 61798 | Elf:2    | Found a runed gate.
 61940 | Elf:3    | Entered Level 3 of the Elven Halls
 62016 | Elf:3    | Reached XP level 22. HP: 112/137 MP: 32/32
 62390 | Elf:3    | Reached skill level 23 in Crossbows
 62437 | Elf:3    | Received a gift from Okawaru
 62442 | Elf:3    | Cast into the Abyss (a deep elf sorcerer)
 63118 | Abyss:1  | Paralysed by accursed screaming for 1 turns
 63247 | Abyss:1  | Paralysed by you for 5 turns
 63384 | Abyss:1  | Gained mutation: [You are dopey. (Int -2)] [you]
 63716 | Abyss:1  | HP: 25/137 [Executioner/nerve-wracking pain (10)]
 63718 | Abyss:1  | HP: 11/137 [Executioner (4)]
 63725 | Abyss:1  | HP: 13/137 [Executioner (7)]
 63727 | Abyss:1  | HP: 4/137 [Executioner (14)]
 63728 | Abyss:1  | Quit the game

Action                   |  1- 3 |  4- 6 |  7- 9 | 10-12 | 13-15 | 16-18 | 19-21 | 22-24 || total
-------------------------+-------+-------+-------+-------+-------+-------+-------+-------++-------
Melee: Short sword       |   120 |    39 |       |       |   820 |   981 |   831 |       ||  2791
       Dagger            |       |   144 |   705 |  1826 |  1312 |       |       |       ||  3987
       Quick blade       |       |       |       |       |       |       |    17 |   186 ||   203
 Fire: Hand crossbow     |    10 |    14 |    33 |   312 |   386 |    47 |       |       ||   802
       Arbalest          |       |       |       |       |       |   444 |   399 |       ||   843
       Triple crossbow   |       |       |       |       |       |       |    53 |    21 ||    74
Throw: Throwing net      |       |       |       |       |     1 |       |       |       ||     1
Invok: Heroism           |       |       |       |     1 |       |     2 |       |       ||     3
       Finesse           |       |       |       |       |     1 |       |       |       ||     1
Evoke: Deck              |       |       |     8 |     1 |       |       |    10 |     2 ||    21
       Wand              |       |       |       |     1 |    10 |       |     6 |     4 ||    21
       Rod               |       |       |       |       |    54 |   124 |    99 |    13 ||   290
       Stone of tremors  |       |       |       |       |       |       |     1 |       ||     1
  Use: Scroll            |       |     2 |    13 |    12 |    19 |    19 |    24 |     2 ||    91
       Potion            |       |     4 |       |       |    10 |     8 |    22 |     3 ||    47
 Stab: Sleeping          |     3 |       |     1 |     3 |    10 |     6 |     1 |       ||    24
       Confused          |       |     3 |       |       |     2 |       |     1 |       ||     6
       Distracted        |       |     1 |     1 |       |     4 |     1 |     5 |       ||    12
       Petrifying        |       |     1 |       |       |       |       |       |       ||     1
       Paralysed         |       |     1 |       |       |       |       |       |       ||     1
       Held in net/web   |       |       |       |       |     1 |       |       |       ||     1
       Invisible         |       |       |       |       |     4 |     1 |     1 |       ||     6
       Fleeing           |       |       |       |       |       |       |     1 |       ||     1
  Eat: Chunk             |     2 |     7 |    17 |    35 |    81 |    51 |    53 |       ||   246
       Meat ration       |       |     1 |       |       |       |     2 |       |       ||     3
       Pizza             |       |       |       |       |       |     9 |     1 |     1 ||    11
       Beef jerky        |       |       |       |       |       |     5 |     7 |     1 ||    13
       Royal jelly       |       |       |       |       |       |       |       |     1 ||     1

Vault maps used:
D:1:      grunt_arrival_crossed_arrows, fountainhead
D:2:      tgw_xom, lightli_temple_of_fire, first_bread, grunt_gozag_breadcrumbs
D:3:      feat_on_display, uniq_sigmund
D:4:      temple_hall, serial_shops, shop, uniq_pikel, uniq_duvessa
D:5:      nemelex_deck, fedhas_altar_1, uniq_edmund
D:6:      lemuel_ice_spiral_2
D:7:      kennysheep_seaside_town, nicolae_tso_besieged_by_evil, serial_shops,
          shop, shop_statue, shop_fountains, nicolae_shop_trees,
          nicolae_shop_behind_doors
D:8:      minitemple
D:9:      kennysheep_dice
D:10:     minmay_lair_entry_grove, zombieorc2_lemuel, grunt_ogre_cave
D:11:     hangedman_weighted_door, water_maze_lemuel
D:12:     minmay_cut_squares, serial_shops, shop, minmay_misc_feat_alley,
          uniq_fannar, uniq_urug
D:13:     kennysheep_six_static_rooms, eino_jars
D:14:     lightli_vaults_fourway_checkpoint, kennysheep_nub,
          kennysheep_generic_room_6
D:15:     grunt_enter_depths_snipers, cheibriados_altar_1
Temple:   water_room_temple_b_12
Lair:1:   cheibrodos_lair_reptile_den
Lair:2:   kennysheep_abandoned_house, grunt_forest_small_clearing_treed,
          uniq_gastronok
Lair:3:   cheibrodos_lair_caveside_slide
Lair:4:   guppyfry_snake_entry_island, beast_lair_carwin_10, grunt_megastairs_2,
          lemuel_fruit_fields
Lair:5:   shoals_dummy_entry, lab_entry_generic, grunt_megastairs_4, uniq_snorg
Lair:6:   cheibrodos_magma_flow, basic_altar, serial_bayou_pond_e,
          infiniplex_staircase_pool_2, serial_bayou_shore_a,
          serial_bayou_shore_b
Lair:7:   serial_bayou_ford_a
Lair:8:   evil_forest, slime_altar_2, uniq_josephine
Shoals:1: portal_ice_cave_entry_imps
Shoals:3: hangedman_shoal_octodias, uniq_aizul
Shoals:5: shoals_end_hangedman, shoals_ilsuiw_alternative
Snake:1:  basic_altar, grunt_ministairs_10
Snake:2:  uniq_agnes
Snake:4:  nrook_guardian_serpent_snake_passage, serial_shops,
          nicolae_shop_crystal, uniq_jorgrun
Snake:5:  grunt_snake_rune_serpentine_throne
Orc:2:    serial_shops, shop, shop, mines1_david
Orc:3:    nicolae_orc_pool_cavern, uniq_nessos, uniq_maud, uniq_donald
Orc:4:    grunt_orc_community_town_hall, grunt_orc_community_big_house_1,
          grunt_orc_community_big_house_2, grunt_orc_community_house_2,
          grunt_orc_community_house_2, grunt_orc_community_house_3,
          grunt_orc_community_house_2, grunt_orc_community_house_3,
          mines4_lemuel
Elf:1:    hangedman_elf_represent, hex_large, hangedman_summoners_spam
Elf:2:    minivault_14, minivault_14, grunt_ministairs_9
Elf:3:    elf_hall, serial_shops, nicolae_shop_overgrown_old_shop, shop,
          serial_sigils_hangedman_gut, uniq_wiglaf, uniq_nikola
Abyss:1:  hangedman_abyss_or_decor_jellyfish_corner, minivault_27,
          hangedman_abyss_overflow_altar, abyss_furniture_001
Lab:      labyrinth_spiral, lab_hedge
IceCv:    ice_cave_tombish

Table legend:
 A = Turns spent in this place as a percentage of turns spent in the entire game.
 B = Non-inter-level travel turns spent in this place as a percentage of non-inter-level travel turns spent in the entire game.
 C = Inter-level travel turns spent in this place as a percentage of turns spent in this place.
 D = Turns resting spent in this place as a percentage of non-inter-level travel turns spent in this place.
 E = Turns spent auto-exploring this place as a percentage of non-inter-level travel turns spent in this place.
 F = Non-inter-level travel turns spent in this place divided by the number of levels of this place that you've seen.
                   A       B       C       D       E      F
               +-------+-------+-------+-------+-------+----------------------
         Total | 100.0 | 100.0 |   0.4 |   2.1 |   4.2 | 670.1
       Dungeon |  32.6 |  32.5 |   0.5 |   1.5 |   5.8 | 639.7
        Temple |   0.1 |   0.1 |   0.0 |   0.0 |   0.0 |  20.0
          Lair |  20.7 |  20.7 |   0.4 |   1.5 |   3.9 | 764.0
        Shoals |   9.5 |   9.5 |   0.1 |   3.2 |   0.7 | 561.2
     Snake Pit |  15.8 |  15.8 |   0.5 |   4.3 |   5.0 | 933.4
  Orcish Mines |   8.9 |   8.9 |   0.4 |   1.6 |   4.9 | 658.5
   Elven Halls |   4.2 |   4.2 |   0.3 |   1.9 |   5.5 | 409.0
         Abyss |   4.1 |   4.1 |   0.0 |   1.2 |   0.0 | 1203.0
     Labyrinth |   1.2 |   1.2 |   0.0 |   1.5 |   0.0 | 342.0
      Ice Cave |   3.0 |   3.0 |   0.0 |   1.8 |   0.1 | 879.0
               +-------+-------+-------+-------+-------+----------------------

Table legend:
 A = Kills in this place as a percentage of kills in entire the game.
 B = Kills by you in this place as a percentage of kills by you in the entire game.
 C = Kills by friends in this place as a percentage of kills by friends in the entire game.
 D = Other kills in this place as a percentage of other kills in the entire game.
 E = Experience gained in this place as a percentage of experience gained in the entire game.
 F = Experience gained in this place divided by the number of levels of this place that you have seen.
                   A       B       C       D       E      F
               +-------+-------+-------+-------+-------+----------------------
         Total | 100.0 | 100.0 | 100.0 | 100.0 | 100.0 | 10249.7
       Dungeon |  35.8 |  36.8 |  13.4 |  75.0 |  16.8 | 5059.1
          Lair |  19.4 |  19.1 |  24.4 |  25.0 |  15.2 | 8577.0
        Shoals |   8.2 |   7.5 |  24.4 |   0.0 |  15.2 | 13721.6
     Snake Pit |  15.5 |  14.7 |  32.9 |   0.0 |  31.5 | 28383.0
  Orcish Mines |  13.1 |  13.7 |   0.0 |   0.0 |   3.8 | 4247.2
   Elven Halls |   5.3 |   5.5 |   1.2 |   0.0 |  12.7 | 19103.3
         Abyss |   1.3 |   1.2 |   3.7 |   0.0 |   1.8 | 8056.0
     Labyrinth |   0.1 |   0.1 |   0.0 |   0.0 |   0.2 | 1105.0
      Ice Cave |   1.3 |   1.4 |   0.0 |   0.0 |   2.8 | 12500.0
               +-------+-------+-------+-------+-------+----------------------
